AoeStats
← Gonza

Runestones

508347233Analyzed
1v1 RM · 10d ago on Sep 22, 2026· 31m 2s· 2 players
Game mode
Random Map
Map size
Tiny (2 player)
Population
200
Speed
Normal
Resources
Standard
Victory
Conquest
Starting age
Dark Age
Ending age
Imperial Age
RankedLock teamsTeams togetherTeam positionsShared explorationLock speedFull tech treeHidden civsTurbo modeCheats
Victory
Defeat
🇨🇴 Magyars · Colombia
1162
+17
🇨🇴 Mongols · Colombia
1189
-17
Gonza
7:14 Loom
9:27 Feudal Age
10:26 Double-Bit Axe
14:52 Horse Collar
22:28 Castle Age
20:30 Gold Mining
20:59 Bloodlines
21:10 Scale Barding Armor
22:44 Light Cavalry
24:12 Chain Barding Armor
25:47 Fletching
26:48 Bodkin Arrow
27:48 Husbandry
30:08 Thumb Ring
BunkeroXcomm
6:38 Loom
8:40 Feudal Age
8:52 Loom
9:18 Double-Bit Axe
9:49 Horse Collar
10:47 Bloodlines
15:17 Loom
16:54 Forging
20:23 Wheelbarrow
25:53 Castle Age
24:00 Scale Barding Armor
26:57 Chain Barding Armor
27:14 Iron Casting
26:39 Gold Mining
29:06 Fletching
29:54 Husbandry
Connection lost

Rejoining the realm…

Still unreachable

The connection could not be restored.

Session expired

The server has moved on; the page needs a fresh start.